 Dungeon Crawl Stone Soup version 0.22.0-21-g8bd1b0a76a (webtiles) character file.

4066 IceCat the Archer (level 10, -4/83 HPs)
             Began as a Centaur Hunter on Aug 20, 2018.
             Was a Priest of Okawaru.
             Slain by an orc warrior
             ... wielding a +0 hand axe
              (10 damage)
             ... on level 8 of the Dungeon.
             The game lasted 00:45:02 (9473 turns).

IceCat the Archer (Centaur Hunter)                  Turns: 9473, Time: 00:45:03

Health: -4/83      AC: 19    Str: 15    XL:     10   Next: 5%
Magic:  13/13      EV:  5    Int: 10    God:    Okawaru [***...]
Gold:   568        SH:  0    Dex: 13    Spells: 9/9 levels left

rFire    . . .     SeeInvis .   A - +4 quarterstaff (chaos)
rCold    . . .     Gourm    .   (shield currently unavailable)
rNeg     . . .     Faith    .   N - +0 chain mail (curse)
rPois    .         Spirit   .   m - +2 helmet
rElec    .         Reflect  .   p - +0 cloak {+Inv}
rCorr    .         Harm     .   v - +0 pair of gloves
MR       .....                  (no barding)
Stlth    ..........             x - amulet of inaccuracy (curse)
HPRegen  0.23/turn              C - +6 ring of protection
MPRegen  0.13/turn              E - ring of stealth

@: very quick
A: large, hooves 3, deformed body, speed 2, tough skin 3
a: Heroism, Renounce Religion, Evoke Invisibility


You were on level 8 of the Dungeon.
You worshipped Okawaru.
Okawaru was most pleased with you.
You were hungry.

You visited 1 branch of the dungeon, and saw 9 of its levels.
You also visited: Ossuary.

You collected 568 gold pieces.

Inventory:

Hand Weapons
 a - a +2 shortbow
 b - a +0 short sword
 A - a +4 quarterstaff of chaos (weapon)
 J - a +0 whip of freezing
Missiles
 l - 3 javelins (quivered)
 I - 9 tomahawks
 L - an arrow
Armour
 c - a +0 leather armour
 m - a +2 helmet (worn)
 p - a +0 cloak of invisibility (worn)
 v - a +0 pair of gloves (worn)
 N - a cursed +0 chain mail (worn)
Jewellery
 d - an uncursed amulet of faith
 x - a cursed amulet of inaccuracy (around neck)
 C - a +6 ring of protection (left hand)
 E - a ring of stealth (right hand)
 G - an uncursed ring of wizardry
Wands
 w - a wand of flame (29)
 y - a wand of digging (15)
 B - a wand of random effects (32)
 K - a wand of iceblast (5)
 P - a wand of paralysis (12)
 R - a wand of acid (7)
Scrolls
 g - 3 scrolls of teleportation
 h - 3 scrolls of blinking
 i - 3 scrolls of enchant weapon
 o - 7 scrolls of identify
 r - a scroll of noise
 t - a scroll of magic mapping
 D - 2 scrolls of enchant armour
 F - a scroll of fog
 M - a scroll of fear {unknown}
Potions
 e - 4 potions of agility
 j - 5 potions of degeneration
 k - 4 potions of might
 n - 4 potions of curing {unknown}
 q - 2 potions of berserk rage {unknown}
 s - a potion of ambrosia {unknown}
 u - 2 potions of heal wounds {unknown}
 z - a potion of brilliance {unknown}
 H - 2 potions of flight
 O - a potion of resistance {unknown}
 S - a potion of mutation {unknown}
Comestibles
 f - 13 rations
 Q - 2 chunks of flesh


   Skills:
 + Level 6.1 Fighting
 - Level 0.3(2.5) Maces & Flails
 - Level 4.1(4.2) Staves
 * Level 11.4 Bows
 + Level 3.3 Throwing
 + Level 3.1 Armour
 + Level 3.1 Dodging
 - Level 0.5 Stealth
 + Level 5.0 Invocations
 + Level 4.0 Evocations


You had 9 spell levels left.
You didn't know any spells.
Your spell library was empty.

Dungeon Overview and Level Annotations

Branches:
Dungeon (9/15)             Temple (0/1) D:5             Orc (0/2) D:9
   Lair: D:8-11

Altars:
Dithmenos
Okawaru
Qazlal
Trog
Wu Jian
Xom

Shops:
D:7 %   D:9 (


Innate Abilities, Weirdness & Mutations

You have hooves in place of feet.
Armour fits poorly on your strangely shaped body.
You cover ground very quickly.
You have extremely tough skin. (AC +3)


Message History

* * * LOW HITPOINT WARNING * * *
You hit the orc warrior but do no damage.
Space bends around the orc warrior.
The orc warrior is lightly wounded.
The orc warrior hits you with a hand axe.
* * * LOW HITPOINT WARNING * * *
You hit the orc warrior.
The orc warrior is moderately wounded.
The orc warrior hits you with a hand axe!
* * * LOW HITPOINT WARNING * * *
You closely miss the orc warrior. You kick the orc warrior.
The orc warrior is moderately wounded.
The orc warrior hits you but does no damage.
You miss the orc warrior.
The orc warrior is moderately wounded.
The orc warrior hits you but does no damage.
You closely miss the orc warrior. You kick the orc warrior.
The orc warrior is heavily wounded.
The orc warrior hits you with a hand axe!
You die...

........####.###....#
#######.##....##.####
#####...##....##.#
....#.####.....#.#
....).####.......#
......⌠⌠⌠⌠⌠......#
....##⌠###⌠......#
.......'_'.......#
......⌠###⌠#...o@#
.....#⌠⌠⌠⌠⌠#######
........#### ########
....######### #......#
............####......#
##########............#
#............#
######..........###
#....'..........#


You could see an orc warrior.

Vanquished Creatures
  Pikel (D:5)
  2 hippogriffs
  A wyvern (D:9)
  A yak (D:9)
  A hungry ghost (D:7)
  3 orc warriors
  2 slaves (D:5)
  2 phantoms (D:9)
  2 ice beasts (D:9)
  A sky beast (D:8)
  3 ogres
  A centaur (D:6)
  3 bullfrogs
  A water moccasin zombie (Ossuary)
  2 scorpions
  A killer bee (D:7)
  4 crimson imps
  A quasit (D:5)
  A jelly (D:9)
  Crazy Yiuf (D:6)
  A bullfrog skeleton (D:4)
  A centaur zombie (D:5)
  4 hounds
  5 orc wizards
  5 orc priests
  2 iguanas
  9 worker ants
  3 big kobold zombies (Ossuary)
  A hound skeleton (D:7)
  2 mummies (Ossuary)
  Robin (D:1)
  A gnoll (D:1)
  6 adders
  A howler monkey skeleton (D:4)
  A howler monkey zombie (D:9)
  3 shadow imps
  An ooze (D:1)
  8 adder zombies
  5 adder skeletons
  3 worms
  A dart slug (D:3)
  5 leopard geckos
  30 orcs
  6 bats
  5 giant cockroaches
  19 goblins
  8 hobgoblins
  4 jackals
  8 quokkas
  2 ball pythons
  10 frilled lizards
  A giant cockroach zombie (D:6)
  3 gnoll zombies (Ossuary)
  6 hobgoblin zombies (Ossuary)
  A jackal skeleton (D:6)
  6 kobolds
  6 kobold zombies (Ossuary)
  A leopard gecko zombie (D:6)
  6 orc zombies (Ossuary)
  A quokka zombie (D:5)
  5 rats
  A plant (D:6)
232 creatures vanquished.

Notes
Turn   | Place    | Note
-------+----------+-------------------------------------------
     0 | D:1      | IceCat the Centaur Hunter began the quest for the Orb.
     0 | D:1      | Reached XP level 1. HP: 17/17 MP: 1/1
   143 | D:1      | Reached XP level 2. HP: 24/24 MP: 2/2
   223 | D:1      | Reached skill level 6 in Bows
   262 | D:1      | Reached XP level 3. HP: 26/30 MP: 3/3
   846 | D:2      | Noticed Robin
   884 | D:2      | Reached XP level 4. HP: 37/37 MP: 4/4
   896 | D:1      | Killed Robin
   896 | D:1      | Reached skill level 7 in Bows
  1253 | D:2      | Found an iron altar of Okawaru.
  1978 | D:2      | Became a worshipper of Warmaster Okawaru
  2017 | D:3      | Found a faded altar of an unknown god.
  2077 | D:3      | Found a stormy altar of Qazlal.
  2155 | D:3      | Reached XP level 5. HP: 44/44 MP: 5/5
  2551 | D:4      | Reached skill level 1 in Invocations
  2560 | D:4      | Found a shadowy altar of Dithmenos.
  2614 | D:4      | Found an iron altar of Okawaru.
  2672 | D:4      | Reached skill level 1 in Armour
  2672 | D:4      | Reached skill level 1 in Evocations
  2899 | D:4      | Reached skill level 8 in Bows
  2901 | D:4      | Reached XP level 6. HP: 20/51 MP: 5/7
  3551 | D:5      | Entered Level 5 of the Dungeon
  3717 | D:5      | Reached * piety under Okawaru
  3739 | D:5      | Found a sand-covered staircase.
  3764 | Ossuary  | Entered an ossuary
  3901 | Ossuary  | Reached XP level 7. HP: 57/57 MP: 8/8
  3958 | Ossuary  | Reached skill level 9 in Bows
  4649 | D:5      | Found a staircase to the Ecumenical Temple.
  4722 | D:5      | Noticed Pikel
  4927 | D:5      | Found a shimmering altar of Xom.
  5127 | D:5      | Killed Pikel
  5127 | D:5      | Reached skill level 10 in Bows
  5127 | D:5      | Reached skill level 1 in Throwing
  5127 | D:5      | Reached XP level 8. HP: 60/67 MP: 7/10
  6185 | D:6      | Reached ** piety under Okawaru
  6212 | D:6      | Found an ornate altar of the Wu Jian Council.
  6569 | D:6      | Found a runed door.
  6573 | D:6      | Noticed Crazy Yiuf
  6580 | D:6      | Paralysed by Crazy Yiuf for 5 turns
  6615 | D:6      | Killed Crazy Yiuf
  6836 | D:7      | Found Aliuxa Waic's Food Boutique.
  6866 | D:7      | Reached XP level 9. HP: 31/72 MP: 12/12
  7458 | D:7      | Reached skill level 1 in Staves
  7493 | D:7      | Reached skill level 5 in Invocations
  7652 | D:7      | Reached skill level 5 in Fighting
  8162 | D:8      | Found a bloodstained altar of Trog.
  8498 | D:9      | Found a staircase to the Orcish Mines.
  8542 | D:9      | Reached skill level 11 in Bows
  8945 | D:9      | Found Zouc's Weapon Shoppe.
  9127 | D:9      | Reached *** piety under Okawaru
  9296 | D:9      | Reached XP level 10. HP: 47/83 MP: 13/13
  9473 | D:8      | Slain by an orc warrior

Skill      XL: |  1  2  3  4  5  6  7  8  9 |
---------------+----------------------------+-----
Bows           | 6 7 8 10 11 | 11.4
Fighting       | 3 4 6 |  6.1
Invocations    | 1 2 3 4 5 |  5.0
Armour         | 1 2 3 |  3.1
Evocations     | 1 3 4 |  4.0
Throwing       | 1 2 3 |  3.3
Dodging        | 2 3 |  3.1
Staves         | 4 |  4.1
Maces & Flails | |  0.3
Stealth        | |  0.5

Action                   |  1- 3 |  4- 6 |  7- 9 | 10-12 || total
-------------------------+-------+-------+-------+-------++-------
Melee: Short sword       |       |    24 |   143 |       ||   167
       Kick              |       |     5 |   117 |     5 ||   127
       Whip              |       |       |   109 |       ||   109
       Quarterstaff      |       |       |   184 |    24 ||   208
 Fire: Shortbow          |   100 |   202 |   247 |    36 ||   585
Throw: Javelin           |       |     8 |    43 |       ||    51
       Tomahawk          |       |       |    13 |       ||    13
Invok: Heroism           |       |       |     9 |       ||     9
  Use: Scroll            |     6 |     1 |     8 |       ||    15
       Potion            |       |       |     3 |       ||     3
 Stab: Sleeping          |       |       |     2 |       ||     2
       Petrified         |       |       |     2 |       ||     2
       Paralysed         |       |       |     2 |       ||     2
       Confused          |       |       |     1 |       ||     1
       Petrifying        |       |       |     1 |       ||     1
  Eat: Chunk             |       |     6 |     7 |       ||    13
       Ration            |       |       |     3 |       ||     3
Armor: Leather armour    |    16 |    36 |   186 |       ||   238
       Chain mail        |       |       |    92 |    24 ||   116
Dodge: Dodged            |    14 |    46 |   176 |     1 ||   237
